[Event "ICC tourney 2063 (7 2)"]
[Site "Internet Chess Club"]
[Date "2020.10.16"]
[Round "3"]
[White "IndianTerritory"]
[Black "Openyagami"]
[Result "0-1"]
[ICCResult "White forfeits on time"]
[WhiteElo "1733"]
[BlackElo "2745"]
[Opening "Sicilian: Labourdonnais-Löwenthal (Kalashnikov) variation"]
[ECO "B32"]
[NIC "SI.32"]
[Time "20:48:35"]
[TimeControl "420+2"]

1. e4 c5 2. Nf3 Nc6 3. d4 cxd4 4. Nxd4 e5 5. Nb5 d6 6. N1c3 a6 7. Na3 b5 8.
Nd5 Nge7 9. c4 Nxd5 10. exd5 Nd4 11. cxb5 g6 12. Bd2 Bg7 13. bxa6 O-O 14.
Nc2 Bg4 15. Qc1 Rc8 16. Bc3 Bh6 17. Ne3 Bxe3 18. fxe3 Qh4+ 19. g3 Nf3+ 20.
Kf2 Qf6 21. h3 Ng5+ 22. Kg1 Bf3 23. Rh2 Bxd5 24. Be2 Nf3+ 25. Bxf3 Qxf3 26.
Qe1 Ra8 27. Qf2 Qe4 28. a4 Rxa6 29. b4 Rc8 30. Bd2 Rc2 31. Qe2 Ra8 32. Qf1
h5 33. a5 h4 34. g4 f5 35. gxf5 Rf8 36. Qd1 gxf5 37. Qh5 Rf7 38. Kf1 Kf8 39.
Qh6+ Ke7 40. Qg5+ Kd7 41. Ke1 f4 42. Ra3 Rb2 43. Qg4+ Be6 44. Qd1 Rg7 45.
Qa4+ Ke7 46. Rf2 Rb1+ 47. Bc1 Rg1+ 48. Kd2 Rbxc1 49. Rh2 Qd5+ 50. Rd3 Rgd1+
{White forfeits on time}
0-1

[Event "ICC tourney 2063 (7 2)"]
[Site "Internet Chess Club"]
[Date "2020.10.16"]
[Round "3"]
[White "Ben2008"]
[Black "KnightHopper"]
[Result "0-1"]
[ICCResult "White forfeits on time"]
[WhiteElo "1399"]
[BlackElo "1784"]
[Opening "Sicilian: dragon, classical, Amsterdam variation"]
[ECO "B72"]
[NIC "SI.15"]
[Time "20:49:43"]
[TimeControl "420+2"]

1. e4 c5 2. Nf3 d6 3. d4 cxd4 4. Nxd4 Nf6 5. Nc3 g6 6. Be2 Bg7 7. Be3 Nc6 8.
Qd2 O-O 9. f3 d5 10. exd5 Nxd5 11. Nxd5 Nxd4 12. Bxd4 Qxd5 13. Bxg7 Qxd2+
14. Kxd2 Kxg7 15. Rhd1 Bf5 16. Rac1 Kf6 17. Ke3 Rfd8 18. Bd3 e5 19. Bxf5
Kxf5 20. c4 Ke6 21. f4 f5 22. fxe5 Kxe5 23. g3 Rac8 24. b3 g5 25. Kf3 Rd4
26. Re1+ Re4 27. g4 fxg4+ 28. Kg3 h5 29. Rxe4+ Kxe4 30. Re1+ Kf5 31. Rf1+
Kg6 32. Rd1 Rf8 33. Rd6+ Rf6 34. Rd7 Rf3+ 35. Kg2 Rf7 36. Rd6+ Kf5 37. Rd5+
Kf4 38. Kf2 h4 39. Kg2 Re7 40. Rd2 Ke3 41. Rd5 Kf4 42. Rd4+ Ke3 43. Rxg4 Re5
44. h3 Rf5 45. Kg1 Kd3 46. Rg2 Kc3 47. Re2 Rf3 48. Kg2 Rg3+ 49. Kh2 a5 50.
Re7 b6 51. Re6 Rd3 52. Rxb6 Rd2+ 53. Kg1 Rxa2 54. Rb5 Ra1+ 55. Kg2 Ra2+ 56.
Kg1 Ra3 57. Rxg5 Kxb3 58. c5 Ra1+ 59. Kg2 Rc1 60. c6 a4 61. Rg4 a3 62. Rg8
Rxc6 63. Rb8+ Ka2 64. Kf3 Rc2 65. Kg4 Rb2 66. Ra8 Rb4+ 67. Kg5 Kb2
{White forfeits on time}
0-1

[Event "ICC tourney 2063 (7 2)"]
[Site "Internet Chess Club"]
[Date "2020.10.16"]
[Round "4"]
[White "KnightHopper"]
[Black "manest"]
[Result "1-0"]
[ICCResult "Black checkmated"]
[WhiteElo "1816"]
[BlackElo "2729"]
[Opening "Caro-Kann: Tartakower (Nimzovich) variation"]
[ECO "B15"]
[NIC "CK.06"]
[Time "21:11:28"]
[TimeControl "420+2"]

1. e4 c6 2. d4 d5 3. Nc3 dxe4 4. Nxe4 Nf6 5. Nxf6+ exf6 6. c3 Bd6 7. Bd3 O-O
8. Qc2 Re8+ 9. Ne2 h5 10. O-O Nd7 11. Ng3 Qc7 12. Nxh5 Bxh2+ 13. Kh1 Bd6 14.
Qd2 Nb6 15. Nxg7 Kxg7 16. Qh6+ Kg8 17. Bh7+ Kh8 18. Bg6+ Kg8 19. Qh7+ Kf8
20. Bh6+ Ke7 21. Qxf7+ Kd8 22. Qxe8# {Black checkmated} 1-0

[Event "ICC tourney 2063 (7 2)"]
[Site "Internet Chess Club"]
[Date "2020.10.16"]
[Round "4"]
[White "clair"]
[Black "IndianTerritory"]
[Result "0-1"]
[ICCResult "White resigns"]
[WhiteElo "1237"]
[BlackElo "1735"]
[Opening "Queen's pawn"]
[ECO "A40"]
[NIC "QO.17"]
[Time "21:11:25"]
[TimeControl "420+2"]

1. d4 c6 2. Bf4 d5 3. e3 Nf6 4. Nf3 Bg4 5. Nbd2 e6 6. h3 Bxf3 7. Nxf3 Bd6 8.
Bxd6 Qxd6 9. Bd3 Qb4+ 10. Ke2 Qxb2 11. Rb1 Qxa2 12. Rxb7 O-O 13. Qb1 Qa5 14.
Ne5 Qd8 15. Qa1 a5 16. Qa4 Qd6 17. Rhb1 Nfd7 18. f4 Nxe5 19. fxe5 Qd8 20.
Rf1 Qc8 21. Rbb1 c5 22. c4 cxd4 23. exd4 dxc4 24. Bxc4 Rd8 25. Rf4 Nc6 26.
Rd1 Nb4 27. Rdf1 Qxc4+ 28. Kf2 Nd3+ {White resigns} 0-1

[Event "ICC tourney 2063 (7 2)"]
[Site "Internet Chess Club"]
[Date "2020.10.16"]
[Round "4"]
[White "challenger2010"]
[Black "Tacticsguy52"]
[Result "1-0"]
[ICCResult "Black resigns"]
[WhiteElo "1900"]
[BlackElo "1580"]
[Opening "English: Neo-Catalan declined"]
[ECO "A07"]
[NIC "RE.09"]
[Time "21:11:26"]
[TimeControl "420+2"]

1. Nf3 d5 2. g3 e6 3. Bg2 Nf6 4. O-O Be7 5. c4 O-O 6. b3 c5 7. Bb2 d4 8. b4
b6 9. Ne5 Qc7 10. Bxa8 Qxe5 11. bxc5 bxc5 12. d3 Qh5 13. Bf3 Qh6 14. Qc1 Qg6
15. Nd2 Nbd7 16. Nb3 Ne5 17. Bg2 Qh5 18. f3 Bb7 19. Ba3 Nfd7 20. Qe1 Re8 21.
Rb1 Ba8 22. Qa5 Bg5 23. Bc1 Bxc1 24. Rfxc1 Qh6 25. Qd2 Qh5 26. Rf1 Nf6 27.
h3 Qg6 28. Kh2 Nfd7 29. Na5 h5 30. f4 Bxg2 31. Kxg2 Ng4 32. hxg4 Nf6 33.
gxh5 Qxh5 34. Rh1 Qg6 35. Rh3 Ng4 36. Rbh1 Ne3+ 37. Qxe3 {Black resigns} 1-0

[Event "ICC tourney 2063 (7 2)"]
[Site "Internet Chess Club"]
[Date "2020.10.16"]
[Round "4"]
[White "JGroder"]
[Black "Ben2008"]
[Result "0-1"]
[ICCResult "White checkmated"]
[WhiteElo "1570"]
[BlackElo "1427"]
[Opening "Sicilian: Najdorf, Byrne (English) attack"]
[ECO "B90"]
[NIC "SI.14"]
[Time "21:11:20"]
[TimeControl "420+2"]

1. e4 c5 2. Nf3 d6 3. d4 cxd4 4. Nxd4 Nf6 5. Nc3 a6 6. Be3 b5 7. f3 Nbd7 8.
Qd2 Bb7 9. O-O-O b4 10. Nce2 d5 11. exd5 Nxd5 12. Bf2 e6 13. Ng3 Be7 14. Ne4
N7f6 15. Nxf6+ Bxf6 16. Kb1 Rc8 17. g4 h6 18. h4 Qc7 19. Bd3 Nf4 20. Bf1
Bxd4 21. Bxd4 Bxf3 22. Bxg7 Rg8 23. Bxh6 Nd5 24. Bd3 Bxd1 25. Qxd1 Qb6 26.
Bc1 Rb8 27. h5 Nc3+ 28. Ka1 Nxd1 29. Rxd1 Rb7 30. g5 Qa5 31. g6 fxg6 32.
hxg6 Rbg7 33. Rg1 Qh5 34. Rg5 Qh6 35. Kb1 Ke7 36. Rg1 Qh2 37. Be3 Qe5 38.
Bf2 Qf6 39. Bc5+ Ke8 40. Re1 Rxg6 41. Bxb4 Rg1 42. a3 Rxe1+ 43. Bxe1 Rg1 44.
Bxa6 Rxe1+ 45. Ka2 Rc1 46. c3 Rc2 47. Bb5+ Kd8 48. Bd3 Rd2 49. Bc4 Qxc3 50.
Bxe6 Qxb2# {White checkmated} 0-1

[Event "ICC tourney 2063 (7 2)"]
[Site "Internet Chess Club"]
[Date "2020.10.16"]
[Round "4"]
[White "GGuseinov"]
[Black "Openyagami"]
[Result "0-1"]
[ICCResult "White resigns"]
[WhiteElo "2860"]
[BlackElo "2767"]
[Opening "Sicilian: Taimanov variation"]
[ECO "B48"]
[NIC "SI.40"]
[Time "21:11:23"]
[TimeControl "420+2"]

1. e4 c5 2. Nc3 e6 3. Nf3 Nc6 4. d4 cxd4 5. Nxd4 Qc7 6. Be3 Nf6 7. f4 d6 8.
Qf3 Bd7 9. O-O-O a6 10. g4 Rc8 11. g5 Ng8 12. h4 Nge7 13. Bh3 Nxd4 14. Bxd4
b5 15. Rh2 b4 16. Nb1 Nc6 17. Be3 Na5 18. b3 Nc6 19. h5 a5 20. g6 hxg6 21.
hxg6 fxg6 22. Rdd2 a4 23. Bxe6 Bxe6 24. Rxh8 axb3 25. axb3 Na5 26. Kd1 Nxb3
27. cxb3 Qc1+ 28. Ke2 Qxb1 29. f5 gxf5 30. Qh5+ Kd7 31. exf5 Bxb3 32. f6
Bc4+ 33. Kf3 gxf6 34. Qg4+ f5 35. Rh7+ Be7 36. Rxe7+ Kxe7 37. Qg7+ Ke8 38.
Qg6+ Bf7 39. Qxd6 Qf1+ 40. Kg3 Qe1+ 41. Bf2 Rc3+ 42. Kf4 Qe4+ 43. Kg5 Qg4+
44. Kf6 Qg6+ 45. Ke5 Qg7+ 46. Kf4 Qg4+ 47. Ke5 Qe4+ 48. Kf6 Rc6 {White
resigns} 0-1

[Event "ICC tourney 2063 (7 2)"]
[Site "Internet Chess Club"]
[Date "2020.10.16"]
[Round "4"]
[White "helavir"]
[Black "TjkTiger"]
[Result "0-1"]
[ICCResult "White resigns"]
[WhiteElo "2286"]
[BlackElo "2226"]
[Opening "Sicilian: accelerated fianchetto, Maróczy bind, 6.Be3"]
[ECO "B38"]
[NIC "SI.43"]
[Time "21:11:26"]
[TimeControl "420+2"]

1. e4 c5 2. Nf3 g6 3. d4 cxd4 4. Nxd4 Bg7 5. c4 Nc6 6. Be3 Qb6 7. Nb3 Qd8 8.
Qd2 Nf6 9. Nc3 Ng4 10. Bf4 O-O 11. Be2 d6 12. O-O a5 13. Na4 Be6 14. Bxg4
Bxg4 15. Be3 Be6 16. Rac1 Nb4 17. a3 Nc6 18. Nd4 Bd7 19. Nb5 Ne5 20. Bb6 Qc8
21. b3 Bxb5 22. cxb5 Qe6 23. Rb1 Nd7 24. Rfe1 Qe5 25. Qd3 Rfc8 26. Rec1 Nf6
27. Rxc8+ Rxc8 28. Bxa5 Nxe4 29. Nb6 Nc5 30. Qd5 Qxd5 31. Nxd5 Kf8 32. Kf1
Ne4 33. f3 Nc5 34. Bb4 e6 35. Nb6 Rc7 36. Bxc5 dxc5 37. Rd1 Ke7 38. Ke2 Bd4
39. a4 f5 40. a5 c4 41. Nxc4 e5 42. a6 bxa6 43. bxa6 Ra7 44. Ra1 Bxa1 45.
Na5 Rxa6 46. Nc4 Ra2+ 47. Kd3 Rxg2 48. Ne3 Rxh2 49. Nd5+ Kd6 50. Nf6 e4+
{White resigns}
0-1

[Event "ICC tourney 2063 (7 2)"]
[Site "Internet Chess Club"]
[Date "2020.10.16"]
[Round "4"]
[White "josechess99"]
[Black "kurumania"]
[Result "1-0"]
[ICCResult "Black resigns"]
[WhiteElo "2571"]
[BlackElo "2749"]
[Opening "French: Rubinstein variation"]
[ECO "C10"]
[NIC "FR.07"]
[Time "21:11:24"]
[TimeControl "420+2"]

1. e4 e6 2. d4 d5 3. Nc3 dxe4 4. Nxe4 Nd7 5. Nf3 Ngf6 6. Nxf6+ Nxf6 7. Be3
Bd6 8. Bd3 O-O 9. Qe2 b6 10. O-O-O Bb7 11. Ne5 Nd5 12. Bd2 Qh4 13. Nf3 Qe7
14. h4 c5 15. dxc5 bxc5 16. Be4 Rab8 17. g3 c4 18. Qxc4 Rfc8 19. Qe2 Ba3 20.
Bxh7+ Kf8 21. Qe5 f6 22. Qd4 Ba8 23. Rhe1 Bxb2+ 24. Qxb2 Rxb2 25. Kxb2 Rb8+
26. Ka1 Nb4 27. Nd4 Bd5 28. Rb1 Rb6 29. c3 Nxa2 30. Rxb6 axb6 31. Kb2 Qc5
32. Rxe6 Nb4 33. Bg6 Bc6 34. Nxc6 Nd3+ 35. Bxd3 Kf7 36. Nd4 b5 37. Bxb5 f5
38. Be8+ Kg8 39. Bg6 {Black resigns} 1-0

[Event "ICC tourney 2063 (7 2)"]
[Site "Internet Chess Club"]
[Date "2020.10.16"]
[Round "4"]
[White "MrNormalName"]
[Black "spellking98"]
[Result "0-1"]
[ICCResult "White checkmated"]
[WhiteElo "1854"]
[BlackElo "1766"]
[Opening "King's Indian: orthodox, Aronin-Taimanov, 9.Ne1"]
[ECO "E98"]
[NIC "KI.03"]
[Time "21:12:12"]
[TimeControl "420+2"]

1. d4 Nf6 2. c4 g6 3. Nc3 Bg7 4. e4 d6 5. Nf3 O-O 6. Be2 e5 7. O-O Nc6 8. d5
Ne7 9. Ne1 Nd7 10. Be3 f5 11. f3 f4 12. Bf2 g5 13. a4 a5 14. Nd3 b6 15. b4
h5 16. bxa5 Rxa5 17. Nb5 Nf6 18. Be1 Ra6 19. a5 Bd7 20. axb6 Rxb6 21. Bf2
Rb7 22. Nb4 g4 23. Ra7 Rxa7 24. Nxa7 Ng6 25. Nac6 Qe8 26. Qa1 g3 27. hxg3
fxg3 28. Bxg3 h4 29. Bf2 Nh5 30. Nd3 Ngf4 31. Re1 Bxc6 32. dxc6 Qg6 33. g4
hxg3 34. Be3 Nxd3 35. Bxd3 Nf4 36. Bxf4 exf4 37. Qa2 Qh6 38. Qg2 Bd4+ 39.
Kf1 Qh5 40. Ke2 Rb8 41. Kd1 Qh2 42. Re2 Qxg2 43. Rxg2 Bf2 44. Ke2 Kg7 45.
Kf1 Kf6 46. Rxf2 gxf2 47. Kxf2 Ke5 48. Ke2 Kd4 49. Kd2 Rb2+ 50. Bc2 Kxc4 51.
Kc1 Kc3 52. Bd1 Rf2 53. Kb1 Rf1 54. Kc1 Rh1 55. e5 dxe5 56. Kb1 Rxd1+ 57.
Ka2 Re1 58. Ka3 Ra1# {White checkmated} 0-1

[Event "ICC tourney 2063 (7 2)"]
[Site "Internet Chess Club"]
[Date "2020.10.16"]
[Round "5"]
[White "Ben2008"]
[Black "MrNormalName"]
[Result "0-1"]
[ICCResult "White resigns"]
[WhiteElo "1424"]
[BlackElo "1857"]
[Opening "Scotch game"]
[ECO "C45"]
[NIC "SO.05"]
[Time "21:48:09"]
[TimeControl "420+2"]

1. e4 e5 2. Nf3 Nc6 3. d4 exd4 4. Nxd4 Bc5 5. Nxc6 Qf6 6. Qf3 bxc6 7. Nc3
Qxf3 8. gxf3 Ne7 9. Rg1 O-O 10. Bd3 Rb8 11. Rb1 d6 12. Be3 Bxe3 13. fxe3 f5
14. exf5 Bxf5 15. Ke2 Bxd3+ 16. cxd3 Nf5 17. Rgf1 Rbe8 18. e4 Nd4+ 19. Ke3
Nf5+ 20. Kd2 Nd4 21. Ke3 Ne6 22. Rbc1 Rf4 23. Ne2 Rh4 24. Rxc6 Rxh2 25. f4
Rxe2+ 26. Kxe2 Nd4+ 27. Ke3 Nxc6 28. Rc1 Nb4 29. Rxc7 Nd5+ {White resigns}
0-1

[Event "ICC tourney 2063 (7 2)"]
[Site "Internet Chess Club"]
[Date "2020.10.16"]
[Round "5"]
[White "Tacticsguy52"]
[Black "clair"]
[Result "0-1"]
[ICCResult "White checkmated"]
[WhiteElo "1552"]
[BlackElo "1265"]
[Opening "Robatsch (modern) defense"]
[ECO "B06"]
[NIC "KF.05"]
[Time "21:47:05"]
[TimeControl "420+2"]

1. e4 g6 2. d4 Bg7 3. Nf3 e6 4. Nc3 Ne7 5. Be3 a6 6. Bc4 b5 7. Bb3 Bb7 8. a3
d6 9. O-O O-O 10. Qd2 Nd7 11. Bh6 Nf6 12. Bxg7 Kxg7 13. Rfe1 Rc8 14. Qf4 h6
15. Rad1 Nh5 16. Qh4 Nc6 17. Qh3 Qf6 18. e5 dxe5 19. dxe5 Qe7 20. g4 Nf4 21.
Qg3 g5 22. Ne4 Rcd8 23. c3 Rxd1 24. Rxd1 Ne2+ 25. Kg2 Nxg3 26. fxg3 Rd8 27.
Re1 Na5 28. Bc2 Bxe4 29. Bxe4 Nc4 30. Nd4 Qc5 31. Rd1 Ne3+ 32. Kf3 Nxd1 33.
Bc2 Nxb2 34. Be4 Nc4 35. Nb3 Nxe5+ 36. Ke2 Qxc3 37. Nd4 Qxd4 38. Bc2 Qd2+
39. Kf1 Qxc2 40. Ke1 Nf3+ 41. Kf1 Qd1+ 42. Kg2 Rd2+ 43. Kh3 Qf1#
{White checkmated}
0-1

[Event "ICC tourney 2063 (7 2)"]
[Site "Internet Chess Club"]
[Date "2020.10.16"]
[Round "5"]
[White "challenger2010"]
[Black "JGroder"]
[Result "0-1"]
[ICCResult "White checkmated"]
[WhiteElo "1872"]
[BlackElo "1598"]
[Opening "French: advance, Euwe variation"]
[ECO "C02"]
[NIC "FR.03"]
[Time "21:46:50"]
[TimeControl "420+2"]

1. e4 e6 2. d4 d5 3. e5 c5 4. c3 Nc6 5. Nf3 Bd7 6. g3 Nge7 7. Bh3 g6 8. O-O
Bg7 9. Bg5 h6 10. Be3 b5 11. Nbd2 c4 12. b4 a5 13. a3 Nf5 14. Bxf5 exf5 15.
h4 O-O 16. Re1 Ra7 17. Nf1 a4 18. Qd2 Kh7 19. Bf4 Be6 20. Kg2 Re8 21. Ne3
Qe7 22. Rh1 Ra6 23. Rh2 h5 24. Bg5 Qd7 25. Bf6 Bxf6 26. exf6 Qd8 27. Ng5+
Kg8 28. f4 Qxf6 29. Rhh1 Nd8 30. Rhe1 Nb7 31. Nd1 Qg7 32. Nf2 f6 33. Nf3 Qf7
34. Re2 Nd6 35. Rae1 Ne4 36. Qc2 Bd7 37. Nd2 Rae6 38. Ndxe4 Rxe4 39. Rxe4
Rxe4 40. Nxe4 fxe4 41. f5 Bxf5 42. Qf2 Qc7 43. Rf1 Kg7 44. Qe3 Qd6 45. Rf2
Bg4 46. Kh2 Qc7 47. Rf4 Qe7 48. Rf2 g5 49. hxg5 fxg5 50. Kg1 Kg6 51. Rf1 Qd6
52. Kf2 Bf3 53. Rg1 h4 54. gxh4 Qh2+ 55. Kf1 Qxh4 56. Qd2 g4 57. Qf4 Qg5 58.
Qd6+ Qf6 59. Qxd5 e3 60. Qg8+ Kf5 61. Qh7+ Kf4 62. Ke1 Qf5 63. Qh2+ Ke4 64.
Rf1 Kd5 65. Qb2 Qd3 66. Rxf3 gxf3 67. Qh2 Qb1# {White checkmated} 0-1

[Event "ICC tourney 2063 (7 2)"]
[Site "Internet Chess Club"]
[Date "2020.10.16"]
[Round "5"]
[White "Openyagami"]
[Black "kurumania"]
[Result "0-1"]
[ICCResult "White resigns"]
[WhiteElo "2750"]
[BlackElo "2766"]
[Opening "English opening"]
[ECO "A30"]
[NIC "EO.64"]
[Time "21:46:51"]
[TimeControl "420+2"]

1. c4 Nf6 2. Nf3 c5 3. Nc3 e6 4. g3 d5 5. d4 Nc6 6. Bg2 dxc4 7. dxc5 Qxd1+
8. Nxd1 Bxc5 9. Ne3 c3 10. bxc3 Bd7 11. Nc4 Ne4 12. Nfe5 Nxc3 13. Nxd7 Kxd7
14. Bb2 Na4 15. Bxg7 Bb4+ 16. Kf1 Rhg8 17. Bf6 Bc3 18. Rd1+ Kc7 19. Bxc6
Kxc6 20. Bxc3 Nxc3 21. Rd3 Nxa2 22. Ne5+ Kb5 23. Nxf7 Nb4 24. Rd7 b6 25. Kg2
a5 26. Rc1 Ka6 27. Rcc7 Rgc8 28. Rb7 Rcb8 29. Rbc7 Nd5 30. Rc6 Rb7 31. Rxb7
Kxb7 32. Rxe6 a4 33. Nd6+ Kc6 34. Ne4+ Kc7 35. Rd6 Nc3 36. Rxb6 Kxb6 37.
Nxc3 a3 38. f4 Rc8 39. Na2 Rc2 40. Nb4 Rb2 41. Nd5+ Kc6 42. Nc3 Rc2
{White resigns}
0-1

[Event "ICC tourney 2063 (7 2)"]
[Site "Internet Chess Club"]
[Date "2020.10.16"]
[Round "5"]
[White "IndianTerritory"]
[Black "KnightHopper"]
[Result "1-0"]
[ICCResult "Black resigns"]
[WhiteElo "1755"]
[BlackElo "1796"]
[Opening "Sicilian: dragon, Yugoslav attack, 9...Bd7"]
[ECO "B77"]
[NIC "SI.18"]
[Time "21:48:31"]
[TimeControl "420+2"]

1. e4 c5 2. Nf3 d6 3. d4 cxd4 4. Nxd4 Nf6 5. Nc3 g6 6. Be3 Bg7 7. f3 O-O 8.
Qd2 Nc6 9. Bc4 Bd7 10. h4 h5 11. O-O-O Rc8 12. Bb3 Ne5 13. Bg5 Rc5 14. Bh6
b5 15. Bxg7 Kxg7 16. f4 Neg4 17. e5 dxe5 18. fxe5 Nxe5 19. Ndxb5 Qc8 20. Ba4
Qa6 21. Qd4 Rfc8 22. b4 Rc4 23. Qxe5 Rxb4 24. Rxd7 Rxa4 25. Rxa7 Qxa7 26.
Nxa7 Rxa7 27. Rh3 Rac7 28. Rf3 Kg8 29. Rd3 Ng4 30. Rd8+ Rxd8 31. Qxc7 Rd4
32. Qxe7 Rf4 33. Qe8+ Kg7 34. Nd5 Rf1+ 35. Kb2 g5 36. hxg5 h4 37. Qe2 Rg1
38. Qxg4 h3 39. Qxh3 f5 40. Qh6+ Kg8 41. Nf6+ Kf7 42. Qh7+ Ke6 43. Qd7+ Ke5
44. Qd5+ Kf4 45. Qf3+ Kxg5 46. Qe3+ Kh4 47. Qxg1 f4 48. Qh2+ Kg5 49. Qxf4+
Kxf4 50. g4 Kg5 51. c4 Kxf6 52. a4 Ke5 {Black resigns} 1-0

[Event "ICC tourney 2063 (7 2)"]
[Site "Internet Chess Club"]
[Date "2020.10.16"]
[Round "5"]
[White "spellking98"]
[Black "helavir"]
[Result "0-1"]
[ICCResult "White checkmated"]
[WhiteElo "1773"]
[BlackElo "2287"]
[Opening "Caro-Kann: exchange variation"]
[ECO "B13"]
[NIC "CK.02"]
[Time "21:47:10"]
[TimeControl "420+2"]

1. e4 c6 2. d4 d5 3. exd5 cxd5 4. Bf4 Nc6 5. c3 Bf5 6. Nd2 e6 7. Ngf3 Nf6 8.
Qb3 Qc8 9. Nh4 Be4 10. Nxe4 dxe4 11. g3 Nd5 12. Bd2 Be7 13. Ng2 O-O 14. Ne3
Qd7 15. Be2 f5 16. f3 Bg5 17. f4 Bf6 18. O-O Rfd8 19. Rad1 a6 20. Nc4 Bxd4+
21. Kh1 Ba7 22. Ne5 Nxe5 23. fxe5 Qc6 24. c4 Ne7 25. Ba5 Rxd1 26. Rxd1 Ng6
27. Bc3 e3+ 28. Kg1 f4 29. Rd6 Qe4 30. c5 f3 31. Qxe6+ Kh8 32. Bxf3 Qxf3 33.
Qc4 e2 34. Qd4 Qf1# {White checkmated} 0-1

[Event "ICC tourney 2063 (7 2)"]
[Site "Internet Chess Club"]
[Date "2020.10.16"]
[Round "5"]
[White "TjkTiger"]
[Black "josechess99"]
[Result "1/2-1/2"]
[ICCResult "Game drawn by mutual agreement"]
[WhiteElo "2238"]
[BlackElo "2559"]
[Opening "English: symmetrical variation"]
[ECO "A37"]
[NIC "EO.28"]
[Time "21:46:52"]
[TimeControl "420+2"]

1. c4 c5 2. g3 Nc6 3. Bg2 g6 4. Nc3 Bg7 5. Nf3 d6 6. O-O e6 7. e3 Nge7 8. d4
O-O 9. Rb1 cxd4 10. exd4 e5 11. d5 Nd4 12. Nxd4 exd4 13. Nb5 Nf5 14. Bf4 a6
15. Na3 b5 16. Qd3 Qb6 17. b4 Bd7 18. Rfc1 Rfc8 19. Bf1 h5 20. Qd2 d3 21.
Bxd3 Nd4 22. Kg2 Bg4 23. Be3 bxc4 24. Nxc4 Qb5 25. Bxd4 Qxd5+ 26. Kg1 Qxd4
27. Qe3 d5 28. Nb6 Rxc1+ 29. Rxc1 Qxe3 30. fxe3 Rd8 31. Kf2 Bh6 32. Rc5 d4
33. e4 Bf8 34. Rc4 Be6 35. Nd5 f5 36. Rc6 Rd6 37. Rc7 Bf7 38. Nf4 fxe4 39.
Bxe4 g5 40. Nd3 Rf6+ 41. Kg2 Bxa2 42. Rd7 Be6 43. Rxd4 h4 44. gxh4 gxh4 45.
h3 Rf7 46. Nc5 Rg7+ 47. Kh2 Bxc5 48. bxc5 Rg3 49. Bg2 Rc3 50. Rd6 Kf7 51. c6
Rc2 52. Kg1 Ke7 53. Rd4 Rc1+ 54. Kf2 Rc2+ 55. Kg1 Rc1+ 56. Kf2 Rc2+ 57. Kg1
Rc4 58. Rd1 a5 59. Re1 Kd6 60. Rd1+ Kc7 61. Re1 Kd6 62. Rd1+ Ke7 63. Re1 Rc5
64. Re4 Rxc6 65. Rxh4 Rc1+ 66. Kf2 Rc2+ 67. Kg3 Rc3+ 68. Kf2 Bb3 69. Rh7+
Kf6 70. Rh6+ Ke5 71. Rh5+ Kf4 72. Rxa5 Rc2+ 73. Kg1 Rc1+ 74. Kh2 Rc2 75. Rb5
Be6 76. Rb4+ Rc4 77. Rb2 Bf5 78. Rf2+ Kg5 79. Kg3 Rc3+ 80. Bf3 Be4 81. h4+
Kh6 82. Kf4 Rxf3+ 83. Rxf3 Bxf3 84. Kxf3 Kh5 {Game drawn by mutual
agreement} 1/2-1/2

[Event "ICC tourney 2063 (7 2)"]
[Site "Internet Chess Club"]
[Date "2020.10.16"]
[Round "6"]
[White "helavir"]
[Black "KnightHopper"]
[Result "1-0"]
[ICCResult "Black resigns"]
[WhiteElo "2289"]
[BlackElo "1794"]
[Opening "Sicilian: Canal-Sokolsky (Nimzovich-Rossolimo, Moscow) attack"]
[ECO "B51"]
[NIC "SI.01"]
[Time "22:10:31"]
[TimeControl "420+2"]

1. e4 c5 2. Nf3 d6 3. Bb5+ Nd7 4. c3 a6 5. Ba4 b5 6. Bc2 Bb7 7. O-O g6 8. d4
Bg7 9. Re1 e5 10. a4 Ngf6 11. Na3 Qb6 12. d5 O-O 13. h3 h6 14. Be3 Rac8 15.
Qe2 b4 16. cxb4 Qxb4 17. Nc4 Nb6 18. Nxd6 Nxe4 {Black resigns} 1-0

[Event "ICC tourney 2063 (7 2)"]
[Site "Internet Chess Club"]
[Date "2020.10.16"]
[Round "6"]
[White "challenger2010"]
[Black "Ben2008"]
[Result "1-0"]
[ICCResult "Black resigns"]
[WhiteElo "1874"]
[BlackElo "1422"]
[Opening "Sicilian: Najdorf, Browne variation"]
[ECO "B96"]
[NIC "SI.04"]
[Time "22:08:15"]
[TimeControl "420+2"]

1. e4 c5 2. Nf3 d6 3. d4 cxd4 4. Nxd4 Nf6 5. Nc3 a6 6. Bg5 e6 7. f4 h6 8.
Bh4 Be7 9. Qf3 Qc7 10. O-O-O Nbd7 11. Bf2 Rb8 12. g4 b5 13. a3 Bb7 14. g5
hxg5 15. fxg5 Ne5 16. Qg2 Nfd7 17. g6 Nc5 18. gxf7+ Kxf7 19. Bxb5 axb5 20.
Ndxb5 Qd7 21. Bxc5 d5 22. Bxe7 Qxe7 23. exd5 exd5 24. Nxd5 Bxd5 25. Qxd5+
Qe6 26. Rhf1+ Ke7 27. Qc5+ {Black resigns} 1-0

[Event "ICC tourney 2063 (7 2)"]
[Site "Internet Chess Club"]
[Date "2020.10.16"]
[Round "6"]
[White "kurumania"]
[Black "TjkTiger"]
[Result "1-0"]
[ICCResult "Black forfeits on time"]
[WhiteElo "2767"]
[BlackElo "2237"]
[Opening "Sicilian: Nimzovich-Rossolimo attack (with ...g6, without ...d6)"]
[ECO "B31"]
[NIC "SI.31"]
[Time "22:08:21"]
[TimeControl "420+2"]

1. e4 c5 2. Nf3 Nc6 3. Bb5 g6 4. Bxc6 bxc6 5. d4 cxd4 6. Qxd4 f6 7. O-O Nh6
8. c4 Nf7 9. Nc3 e5 10. Qd3 Qc7 11. Be3 Nd8 12. c5 a5 13. Rfd1 Ne6 14. Na4
Rb8 15. a3 Be7 16. Qc4 O-O 17. Nb6 Kg7 18. b4 axb4 19. axb4 f5 20. Ra3 Bf6
21. Rad3 Rf7 22. Rd6 f4 23. Bc1 Rxb6 24. cxb6 Qxb6 25. Bb2 Ba6 26. Qc2 Qxb4
27. Bxe5 Bc8 28. Bxf6+ Rxf6 29. h4 Qc5 30. Qb2 Qa7 31. Ne5 Kg8 32. Nxc6 dxc6
33. Qxf6 {Black forfeits on time} 1-0

[Event "ICC tourney 2063 (7 2)"]
[Site "Internet Chess Club"]
[Date "2020.10.16"]
[Round "6"]
[White "Openyagami"]
[Black "MrNormalName"]
[Result "1-0"]
[ICCResult "Black checkmated"]
[WhiteElo "2750"]
[BlackElo "1857"]
[Opening "English: Neo-Catalan declined"]
[ECO "E06"]
[NIC "CA.05"]
[Time "22:09:19"]
[TimeControl "420+2"]

1. Nf3 d5 2. g3 Nf6 3. Bg2 e6 4. O-O Be7 5. c4 O-O 6. d4 dxc4 7. Qc2 a6 8.
Rd1 b5 9. Ne5 Nd5 10. b3 cxb3 11. axb3 Bb7 12. Ba3 f6 13. Nd3 Nd7 14. Nf4
Nxf4 15. Bxb7 Ra7 16. Be4 Nh3+ 17. Kg2 Ng5 18. Bc6 Nf7 19. Bxe7 Qxe7 20.
Bxb5 Qd6 21. Bd3 h6 22. Nc3 Qc6+ 23. Kg1 Nd6 24. Ra5 Qb6 25. Ra4 c5 26. d5
e5 27. Bh7+ Kh8 28. Bg6 f5 29. g4 fxg4 30. Rxg4 c4 31. bxc4 Qxf2+ 32. Kh1
Nf6 33. Rg2 Qc5 34. Bd3 e4 35. Nxe4 Nfxe4 36. Bxe4 Qxc4 37. Qxc4 Nxc4 38.
Rc1 Nd6 39. Bd3 a5 40. Rg6 Rd7 41. e4 Re8 42. e5 Nb7 43. Bb5 Rxd5 44. Bxe8
Rxe5 45. Rc8 Kh7 46. Rb6 Nc5 47. Bg6# {Black checkmated} 1-0